| TOP OF THE 1ST |
|
Panama City Capitales batting - Pitching for Santa Domingo Colonials : RHP Gregorio Soto
|
|
Pitching: RHP Gregorio Soto
|
|
|
Batting: LHB Preston Cash
|
0-0: Foul Ball, location: 2F 0-1: Foul Ball, location: 2F 0-2: Foul Ball, location: 2F 0-2: Reached on error, E4 (Flyball, 4MD, EV 91.3 MPH)
|
|
Batting: SHB Stan Javier
|
0-0: Called Strike 0-1: Ball Preston Cash steals 2nd base 1-1: Ground out 3-1 (Groundball, 3D, EV 77.5 MPH) Preston Cash to third
|
|
Batting: RHB David Hall
|
0-0: Ball 1-0: Foul Ball, location: 2F 1-1: Ball 2-1: Ball 3-1: Foul Ball, location: 2F 3-2: Strikes out swinging
|
|
Batting: RHB Armando Moreno
|
0-0: Ball 1-0: Called Strike 1-1: Called Strike 1-2: Foul Ball, location: 2F 1-2: SINGLE (Line Drive, 78S, EV 101.3 MPH) Preston Cash scores
|
|
Batting: LHB George Kaage
|
0-0: Called Strike 0-1: Called Strike 0-2: Ball 1-2: Ball 2-2: Ball 3-2: Base on Balls Armando Moreno to second
|
|
Batting: RHB Rod Allen
|
0-0: Ball 1-0: Ball 2-0: Ground out U3 (Groundball, 3, EV 87.5 MPH)
|
| Top of the 1st over - 1 run, 1 hit, 1 error, 2 left on base; Panama City 1 - Santa Domingo 0 |
| BOTTOM OF THE 1ST |
|
Santa Domingo Colonials batting - Pitching for Panama City Capitales : RHP Octavio Avila
|
|
Pitching: RHP Octavio Avila
|
|
|
Batting: SHB Curt Bryan
|
0-0: Called Strike 0-1: Ball 1-1: Called Strike 1-2: Ball 2-2: Ball 3-2: Strikes out swinging
|
|
Batting: SHB Bip Roberts
|
0-0: Ball 1-0: Bunt for hit to 2L - play at first, batter OUT! 2-3
|
|
Batting: LHB Mike Stenhouse
|
0-0: Ball 1-0: Called Strike 1-1: Ball 2-1: Swinging Strike 2-2: Foul Ball, location: 2F 2-2: Foul Ball, location: 2F 2-2: Strikes out swinging
|
| Bottom of the 1st over - 0 runs, 0 hits, 0 errors, 0 left on base; Panama City 1 - Santa Domingo 0 |
| TOP OF THE 2ND |
|
Panama City Capitales batting - Pitching for Santa Domingo Colonials : RHP Gregorio Soto
|
|
Batting: LHB Jessie Reid
|
0-0: Ball 1-0: Ground out 5-3 (Groundball, 56, EV 81.3 MPH)
|
|
Batting: SHB Mark Bailey
|
0-0: Called Strike 0-1: Ball 1-1: Foul Ball, location: 2F 1-2: Foul Ball, location: 2F 1-2: Ball 2-2: Foul Ball, location: 2F 2-2: Ball 3-2: Foul Ball, location: 2F 3-2: Foul Ball, location: 2F 3-2: Foul Ball, location: 2F 3-2: Fly out, F6 (Flyball, 6D, EV 90.6 MPH)
|
|
Batting: SHB Curt Wilkerson
|
0-0: Ball 1-0: Ground out 5-3 (Groundball, 56S, EV 90.0 MPH)
|
| Top of the 2nd over - 0 runs, 0 hits, 0 errors, 0 left on base; Panama City 1 - Santa Domingo 0 |
| BOTTOM OF THE 2ND |
|
Santa Domingo Colonials batting - Pitching for Panama City Capitales : RHP Octavio Avila
|
|
Batting: RHB John Rabb
|
0-0: Called Strike 0-1: Swinging Strike 0-2: SINGLE (Flyball, 5D, EV 88.8 MPH)
|
|
Batting: LHB Marvell Wynne
|
0-0: Ball 1-0: Fly out, F7 (Flyball, 78S, EV 85.0 MPH)
|
|
Batting: RHB Ryne Sandberg
|
0-0: SINGLE (Groundball, 56S, EV 73.8 MPH) (infield hit) John Rabb to second
|
|
Batting: RHB Ken Gerhart
|
0-0: Ball John Rabb steals 3rd base Ryne Sandberg to second 1-0: Called Strike 1-1: Foul Ball, location: 2F 1-2: Ground out 5-3 (Groundball, 5, EV 85.0 MPH)
|
|
Batting: RHB Mike Rubel
|
0-0: Ball 1-0: Called Strike 1-1: Ground out 6-3 (Groundball, 6, EV 85.0 MPH)
|
| Bottom of the 2nd over - 0 runs, 2 hits, 0 errors, 2 left on base; Panama City 1 - Santa Domingo 0 |
| TOP OF THE 3RD |
|
Panama City Capitales batting - Pitching for Santa Domingo Colonials : RHP Gregorio Soto
|
|
Batting: LHB Preston Cash
|
0-0: Ball 1-0: Called Strike 1-1: Ball 2-1: Ball 3-1: Base on Balls
|
|
Batting: SHB Stan Javier
|
0-0: Ball 1-0: Ball 2-0: Ball 3-0: Swinging Strike 3-1: Foul Ball, location: 2F 3-2: Foul Ball, location: 2F 3-2: Strikes out swinging
|
|
Batting: RHB David Hall
|
0-0: Ball 1-0: Ball 2-0: Called Strike 2-1: Ball 3-1: Base on Balls Preston Cash to second
|
|
Batting: RHB Armando Moreno
|
0-0: Ball 1-0: Ball 2-0: Fielders Choice at 3rd, U5 (Groundball, 5L, EV 105.0 MPH) David Hall to second
|
|
Batting: LHB George Kaage
|
0-0: Ball 1-0: Foul Ball, location: 2F 1-1: Ball 2-1: SINGLE (Line Drive, 89M, EV 103.8 MPH) David Hall to third Armando Moreno to second Runner from 3rd tries for Home, SAFE, throw by RF to home
|
|
Batting: RHB Rod Allen
|
0-0: Ball 1-0: Ball 2-0: Called Strike 2-1: Swinging Strike 2-2: Ball 3-2: Foul Ball, location: 2F 3-2: Base on Balls Armando Moreno to third George Kaage to second
|
|
Batting: LHB Jessie Reid
|
0-0: Called Strike 0-1: Foul Ball, location: 2F 0-2: Ball 1-2: Ground out U3 (Groundball, 3S, EV 78.8 MPH)
|
| Top of the 3rd over - 1 run, 1 hit, 0 errors, 3 left on base; Panama City 2 - Santa Domingo 0 |
| BOTTOM OF THE 3RD |
|
Santa Domingo Colonials batting - Pitching for Panama City Capitales : RHP Octavio Avila
|
|
Batting: RHB Vinny Jaramillo
|
0-0: Ball 1-0: Called Strike 1-1: Ball 2-1: Swinging Strike 2-2: Strikes out swinging
|
|
Batting: SHB Curt Bryan
|
0-0: Ball 1-0: Called Strike 1-1: Ball 2-1: Foul Ball, location: 2F 2-2: Strikes out looking
|
|
Batting: SHB Bip Roberts
|
0-0: Called Strike 0-1: Foul Ball, location: 2F 0-2: Fly out, F6 (Popup, 15, EV 84.4 MPH)
|
| Bottom of the 3rd over - 0 runs, 0 hits, 0 errors, 0 left on base; Panama City 2 - Santa Domingo 0 |
| TOP OF THE 4TH |
|
Panama City Capitales batting - Pitching for Santa Domingo Colonials : RHP Gregorio Soto
|
|
Batting: SHB Mark Bailey
|
0-0: Called Strike 0-1: Ball 1-1: Foul Ball, location: 2F 1-2: Fly out, F8 (Flyball, 8LM, EV 98.1 MPH)
|
|
Batting: SHB Curt Wilkerson
|
0-0: Called Strike 0-1: Swinging Strike 0-2: Ball 1-2: Strikes out swinging
|
|
Batting: LHB Preston Cash
|
0-0: Called Strike 0-1: Ball 1-1: Foul Ball, location: 2F 1-2: Ball 2-2: Ball 3-2: Ground out 4-3 (Groundball, 34D, EV 83.8 MPH)
|
| Top of the 4th over - 0 runs, 0 hits, 0 errors, 0 left on base; Panama City 2 - Santa Domingo 0 |
| BOTTOM OF THE 4TH |
|
Santa Domingo Colonials batting - Pitching for Panama City Capitales : RHP Octavio Avila
|
|
Batting: LHB Mike Stenhouse
|
0-0: Ball 1-0: Ball 2-0: Swinging Strike 2-1: Ball 3-1: Base on Balls
|
|
Batting: RHB John Rabb
|
0-0: Ball 1-0: Fly out, F4 (Flyball, 4MD, EV 76.9 MPH)
|
|
Batting: LHB Marvell Wynne
|
0-0: Ball 1-0: Ball 2-0: Swinging Strike 2-1: Ball 3-1: Foul Ball, location: 2F 3-2: DOUBLE (Flyball, 3D, EV 92.5 MPH) Mike Stenhouse to third Mike Stenhouse scores
|
|
Batting: RHB Ryne Sandberg
|
0-0: Called Strike 0-1: Ball 1-1: Fly out, F9 (Flyball, 9D, EV 96.9 MPH) Runner from 2nd tags up, SAFE at 3rd, no throw by RF
|
|
Batting: RHB Ken Gerhart
|
0-0: Foul Ball, location: 2F 0-1: Ball 1-1: Swinging Strike 1-2: Strikes out looking
|
| Bottom of the 4th over - 1 run, 1 hit, 0 errors, 1 left on base; Panama City 2 - Santa Domingo 1 |
| TOP OF THE 5TH |
|
Panama City Capitales batting - Pitching for Santa Domingo Colonials : RHP Gregorio Soto
|
|
Batting: SHB Stan Javier
|
0-0: Swinging Strike 0-1: Foul Ball, location: 2F 0-2: Ball 1-2: Ball 2-2: Ball 3-2: Foul Ball, location: 2F 3-2: Foul Ball, location: 2F 3-2: SINGLE (Groundball, 5D, EV 108.8 MPH)
|
|
Batting: RHB David Hall
|
0-0: Called Strike 0-1: Foul Ball, location: 2F 0-2: Ball 1-2: Strikes out swinging
|
|
Batting: RHB Armando Moreno
|
0-0: Ball 1-0: Ball 2-0: Ball 3-0: Base on Balls Stan Javier to second
|
|
Batting: LHB George Kaage
|
0-0: Ball 1-0: Ball 2-0: Called Strike 2-1: Foul Ball, location: 2F 2-2: Fly out, F5 (Popup, 56S, EV 75.0 MPH)
|
|
Batting: RHB Rod Allen
|
0-0: Ball 1-0: Ball 2-0: Ball 3-0: Base on Balls Stan Javier to third Armando Moreno to second
|
|
Batting: LHB Jessie Reid
|
0-0: Ball 1-0: Ball 2-0: Ball 3-0: Called Strike 3-1: Base on Balls Stan Javier scores Armando Moreno to third Rod Allen to second
|
|
Batting: SHB Mark Bailey
|
0-0: Ball 1-0: Called Strike 1-1: Foul Ball, location: 2F 1-2: Ball 2-2: Ball 3-2: Ground out 4-3 (Groundball, 4, EV 108.1 MPH)
|
| Top of the 5th over - 1 run, 1 hit, 0 errors, 3 left on base; Panama City 3 - Santa Domingo 1 |
| BOTTOM OF THE 5TH |
|
Santa Domingo Colonials batting - Pitching for Panama City Capitales : RHP Octavio Avila
|
|
Batting: RHB Mike Rubel
|
0-0: Fly out, F9 (Flyball, 89D, EV 89.4 MPH)
|
|
Batting: RHB Vinny Jaramillo
|
0-0: Ball 1-0: Called Strike 1-1: Called Strike 1-2: Ball 2-2: Ball 3-2: Foul Ball, location: 2F 3-2: Fly out, F7 (Flyball, 7LS, EV 71.9 MPH)
|
|
Batting: SHB Curt Bryan
|
0-0: Called Strike 0-1: Ball 1-1: SINGLE (Flyball, 5D, EV 90.6 MPH)
|
|
Batting: SHB Bip Roberts
|
0-0: Ball 1-0: Foul Ball, location: 2F 1-1: Fielders Choice at 2nd, U6 (Groundball, 6M, EV 89.4 MPH)
|
| Bottom of the 5th over - 0 runs, 1 hit, 0 errors, 1 left on base; Panama City 3 - Santa Domingo 1 |
| TOP OF THE 6TH |
|
Panama City Capitales batting - Pitching for Santa Domingo Colonials : RHP Gregorio Soto
|
|
Pitching: RHP Oscar Acosta
|
|
|
Batting: SHB Curt Wilkerson
|
0-0: Foul Ball, location: 2F 0-1: Ball 1-1: Called Strike 1-2: SINGLE (Groundball, 6S, EV 70.6 MPH) (infield hit)
|
|
Batting: LHB Preston Cash
|
0-0: Ball 1-0: Ball 2-0: Foul Ball, location: 2F 2-1: Swinging Strike 2-2: Ball 3-2: Base on Balls Curt Wilkerson to second
|
|
Batting: SHB Stan Javier
|
0-0: Fielders Choice at 2nd, 3-6 (Groundball, 3, EV 106.9 MPH) Curt Wilkerson to third
|
|
Batting: RHB David Hall
|
0-0: Foul Ball, location: 2F 0-1: Ground out 5-3 (Groundball, 5, EV 89.4 MPH) Stan Javier to second
|
|
Batting: RHB Armando Moreno
|
0-0: Called Strike 0-1: Ball 1-1: Ball 2-1: Ball 3-1: Fly out, F8 (Flyball, 89D, EV 101.3 MPH)
|
| Top of the 6th over - 0 runs, 1 hit, 0 errors, 2 left on base; Panama City 3 - Santa Domingo 1 |
| BOTTOM OF THE 6TH |
|
Santa Domingo Colonials batting - Pitching for Panama City Capitales : RHP Octavio Avila
|
|
Batting: LHB Mike Stenhouse
|
0-0: Called Strike 0-1: Called Strike 0-2: Strikes out swinging
|
|
Batting: RHB John Rabb
|
0-0: Ground out 6-3 (Groundball, 6, EV 100.6 MPH)
|
|
Batting: LHB Marvell Wynne
|
0-0: Ball 1-0: Ball 2-0: Fly out, F7 (Flyball, 7D, EV 103.1 MPH)
|
| Bottom of the 6th over - 0 runs, 0 hits, 0 errors, 0 left on base; Panama City 3 - Santa Domingo 1 |
| TOP OF THE 7TH |
|
Panama City Capitales batting - Pitching for Santa Domingo Colonials : RHP Oscar Acosta
|
|
Batting: LHB George Kaage
|
0-0: Swinging Strike 0-1: Ball 1-1: Ball 2-1: Ball 3-1: Base on Balls
|
|
Batting: RHB Rod Allen
|
0-0: Called Strike 0-1: Swinging Strike 0-2: Foul Ball, location: 2F 0-2: Strikes out swinging
|
|
Batting: LHB Jessie Reid
|
0-0: Called Strike 0-1: Ball 1-1: Called Strike 1-2: Reached on error, E4 (Groundball, 4, EV 93.1 MPH) George Kaage to second
|
|
Batting: SHB Mark Bailey
|
0-0: Swinging Strike 0-1: Foul Ball, location: 2F 0-2: Ball 1-2: Strikes out swinging
|
|
Batting: SHB Curt Wilkerson
|
0-0: Ball 1-0: Called Strike 1-1: Ball 2-1: Ball 3-1: Base on Balls George Kaage to third Jessie Reid to second
|
|
Batting: LHB Preston Cash
|
0-0: Ball 1-0: Swinging Strike 1-1: Swinging Strike 1-2: Foul Ball, location: 2F 1-2: Strikes out looking
|
| Top of the 7th over - 0 runs, 0 hits, 1 error, 3 left on base; Panama City 3 - Santa Domingo 1 |
| BOTTOM OF THE 7TH |
|
Santa Domingo Colonials batting - Pitching for Panama City Capitales : RHP Octavio Avila
|
|
Batting: RHB Ryne Sandberg
|
0-0: Ball 1-0: Called Strike 1-1: Swinging Strike 1-2: Foul Ball, location: 2F 1-2: Ball 2-2: Foul Ball, location: 2F 2-2: Ball 3-2: Base on Balls
|
|
Batting: RHB Ken Gerhart
|
0-0: Ball 1-0: Ball 2-0: Grounds into double play, 6-4-3 (Groundball, 6, EV 103.8 MPH)
|
|
Batting: RHB Mike Rubel
|
0-0: Ball 1-0: Foul Ball, location: 5F, Error on foul ball, E5 1-1: Swinging Strike 1-2: Ball 2-2: Ball 3-2: Fly out, F9 (Flyball, 9S, EV 93.8 MPH)
|
| Bottom of the 7th over - 0 runs, 0 hits, 1 error, 0 left on base; Panama City 3 - Santa Domingo 1 |
| TOP OF THE 8TH |
|
Panama City Capitales batting - Pitching for Santa Domingo Colonials : RHP Oscar Acosta
|
|
Batting: SHB Stan Javier
|
0-0: Ground out 4-3 (Groundball, 4, EV 103.8 MPH)
|
|
Batting: RHB David Hall
|
0-0: Called Strike 0-1: Ball 1-1: Ball 2-1: Ball 3-1: Called Strike 3-2: Strikes out swinging
|
|
Batting: RHB Armando Moreno
|
0-0: Ball 1-0: Ball 2-0: Called Strike 2-1: Called Strike 2-2: Ball 3-2: Base on Balls
|
|
Batting: LHB George Kaage
|
0-0: Called Strike 0-1: Swinging Strike 0-2: Fly out, F8 (Flyball, 8LXD, EV 91.9 MPH)
|
| Top of the 8th over - 0 runs, 0 hits, 0 errors, 1 left on base; Panama City 3 - Santa Domingo 1 |
| BOTTOM OF THE 8TH |
|
Santa Domingo Colonials batting - Pitching for Panama City Capitales : RHP Octavio Avila
|
|
Pitching: LHP Jose Paz
|
|
|
Batting: RHB Vinny Jaramillo
|
0-0: Called Strike 0-1: Fly out, F7 (Flyball, 78S, EV 94.4 MPH)
|
|
Batting: SHB Curt Bryan
|
0-0: Called Strike 0-1: Foul Ball, location: 2F 0-2: Strikes out swinging
|
|
Batting: SHB Bip Roberts
|
0-0: Ball 1-0: Foul Ball, location: 2F 1-1: Ball 2-1: Ball 3-1: Swinging Strike 3-2: Foul Ball, location: 2F 3-2: Foul Ball, location: 2F 3-2: Base on Balls
|
|
Batting: LHB Mike Stenhouse
|
0-0: Ball 1-0: Ball 2-0: Called Strike 2-1: Ball 3-1: Base on Balls Bip Roberts to second
|
|
Batting: RHB John Rabb
|
0-0: Called Strike 0-1: Foul Ball, location: 2F 0-2: Strikes out swinging
|
| Bottom of the 8th over - 0 runs, 0 hits, 0 errors, 2 left on base; Panama City 3 - Santa Domingo 1 |
| TOP OF THE 9TH |
|
Panama City Capitales batting - Pitching for Santa Domingo Colonials : RHP Oscar Acosta
|
|
Batting: RHB Rod Allen
|
0-0: Called Strike 0-1: Foul Ball, location: 2F 0-2: SINGLE (Line Drive, 9S, EV 94.4 MPH)
|
|
Pitching: LHP Rick Adair
|
|
|
Batting: LHB Jessie Reid
|
0-0: Fly out, F7 (Flyball, 7S, EV 88.8 MPH)
|
|
Pitching: LHP Jerry Gomez
|
|
|
Batting: SHB Mark Bailey
|
0-0: Ball Rod Allen steals 2nd base 1-0: Called Strike 1-1: Foul Ball, location: 2F 1-2: Strikes out looking
|
|
Batting: SHB Curt Wilkerson
|
0-0: Called Strike 0-1: Ball 1-1: Ball 2-1: SINGLE (Groundball, 56D, EV 100.6 MPH) Rod Allen to third Runner from 3rd tries for Home, SAFE, throw by LF to home
|
|
Batting: LHB Preston Cash
|
0-0: Ball 1-0: Called Strike 1-1: Called Strike 1-2: Ball 2-2: Foul Ball, location: 2F 2-2: Strikes out swinging
|
| Top of the 9th over - 1 run, 2 hits, 0 errors, 1 left on base; Panama City 4 - Santa Domingo 1 |
| BOTTOM OF THE 9TH |
|
Santa Domingo Colonials batting - Pitching for Panama City Capitales : LHP Jose Paz
|
|
Now at 1B: Tony Ramirez
|
|
|
Now at 3B: Jordan Medrano
|
|
|
Now in RF: Gary Holden
|
|
|
Batting: LHB Marvell Wynne
|
0-0: Called Strike 0-1: Foul Ball, location: 2F 0-2: Ball 1-2: Ball 2-2: Strikes out looking
|
|
Batting: RHB Ryne Sandberg
|
0-0: Called Strike 0-1: Called Strike 0-2: Ball 1-2: Ball 2-2: Ball 3-2: Ground out 6-3 (Groundball, 6, EV 83.8 MPH)
|
|
Batting: RHB Ken Gerhart
|
0-0: Foul Ball, location: 2F 0-1: Swinging Strike 0-2: Ball 1-2: Strikes out looking
|
| Bottom of the 9th over - 0 runs, 0 hits, 0 errors, 0 left on base; Panama City 4 - Santa Domingo 1 |
|